 Dungeon Crawl Stone Soup version 0.29-a0-234-g0dae59b3db (webtiles) character file.

Game seed: 11287481263161317319

108 spaghetti the Skirmisher (level 4, -3/39 HPs)
             Began as a Mummy Fighter on Mar 3, 2022.
             Slain by an orc priest
             ... wielding a +0 flail
              (6 damage)
             ... on level 3 of the Dungeon.
             The game lasted 00:02:41 (2185 turns).

spaghetti the Skirmisher (Mummy Fighter)            Turns: 2185, Time: 00:02:41

Health: -3/39      AC:  9    Str: 21    XL:     4   Next: 58%
Magic:  4/4        EV:  7    Int:  7    God:
Gold:   113        SH:  9    Dex: 11    Spells: 3/3 levels left

rFire   x . .      SeeInvis .   a - +0 flail {mace}
rCold   + + .      Faith    .   c - +0 buckler
rNeg    + + +      Spirit   .   f - +1 chain mail {rC+} rPois โˆž Reflect +
                                (no helmet)
rElec   .          Harm     .   (no cloak)
rCorr   .          Rampage  .   (no gloves)
Will    .....                   (no boots)
Stlth   ..........              g - amulet of reflection
HPRegen 0.13/turn               (no ring)
MPRegen 0.09/turn               (no ring)

@: no status effects
A: cold resistance 1, negative energy resistance 3, torment resistance 2, heat
vulnerability 1, in touch with death 1, no potions
a: no special abilities


You were on level 3 of the Dungeon.
You visited 1 branch of the dungeon, and saw 3 of its levels.

You collected 113 gold pieces.


Innate Abilities, Weirdness & Mutations

You are immune to poison.
Your flesh is cold resistant. (rC+)
You are immune to negative energy. (rN+++)
You are immune to unholy pain and torment.
You are vulnerable to heat. (rF-)
You are in touch with the powers of death.
You do not drink.


   Skills:
 + Level 5.4 Fighting
 - Level 1.5 Maces & Flails
 - Level 2.4 Armour
 - Level 2.4 Shields


You had 3 spell levels left.
You didn't know any spells.
Your spell library contained the following spells:

 Spells                   Type           Power      Damage    Failure   Level
 Sandblast                Erth           0%         2d4       99%         1
 Passwall                 Tmut/Erth      0%         N/A       100%        2
 Stone Arrow              Conj/Erth      0%         3d7       100%        3

Inventory:

Hand Weapons
 a - a +0 flail (weapon) {mace}
Missiles
 d - 41 stones (quivered) {throwing}
 h - 5 poisoned darts {throwing}
Armour
 b - a +0 scale mail
 c - a +0 buckler (worn)
 f - a +1 chain mail of cold resistance (worn)
   (You found it on level 2 of the Dungeon)
Jewellery
 g - an amulet of reflection (around neck)
   (You found it on level 2 of the Dungeon)

Dungeon Overview and Level Annotations

Branches:
Dungeon (3/15)

Altars:
Wu Jian

.........#.. ######.#
#.###..#..#.. ....#..
.......#..
#....#.####
###..##.#..
#......... ...####).
###........##
.........รท .....
.o... ####.####..
#..o #o#.#
.....>..... ...
#@#.####....#####.
#+##.............####
#..).................
######.##.#..........
#........#.#####
#...............
#....#....#.....
#...............
#.........####..


You could see an orc priest and an orc.


Message History

An adder is nearby!
You barely miss the adder. The adder bites you but does no damage.
You block the adder's attack.
You hit the adder. The adder bites you but does no damage.
You sock the adder!
You kill the adder!
No target in view!
No target in view!
No target in view!
No target in view!
No target in view!
No target in view!
No target in view!
No target in view!
You see here an adder corpse.
Key pressed, stopping explore.
You see here a +0 battleaxe {axe}.
Key pressed, stopping explore.
No target in view!
Found an ornate altar of the Wu Jian Council.
Key pressed, stopping explore.
Key pressed, stopping explore.
No target in view!
No target in view!
No target in view!
No target in view!
No target in view!
An orc comes into view. It is wielding a +0 hand axe.
The orc shouts!
An orc priest comes into view. It is wielding a +0 flail.
There are monsters nearby!
The orc priest shouts!
You hear a shout!
The orc priest mumbles some strange prayers to Beogh against you.
Beogh smites you! ๐Ÿ˜ฎ HP[-12]
You take 12 damage, and now have 27/39 hp.
MASSIVE DAMAGE!! (PAUSE)
You aren't carrying any items that you can evoke.
You aren't carrying any scrolls.
You can't drink.
An orc comes into view.
It is wielding a +0 dagger and quivering boomerangs of dispersal.
The orc shouts!
You can't drink.
You aren't carrying any scrolls.
You aren't carrying any items that you can evoke.
You can't drink.
You aren't carrying any scrolls.
You aren't carrying any items that you can evoke.
You aren't carrying any scrolls.
You close the door. ๐Ÿ˜ฎ HP[+1]
You barely miss the orc.
The orc hits you with a +0 hand axe. ๐Ÿ˜ฎ HP[-3]
You take 3 damage, and now have 25/39 hp.
You thump the orc!
You kill the orc!
The orc throws a boomerang of dispersal.
You reflect the boomerang of dispersal off an invisible shield around you!
The boomerang of dispersal hits the orc.
The orc blinks!
You see here a +0 hand axe {axe}.
The orc priest begins to cast a cantrip, but forgets the words!
The orc priest hits you with a +0 flail. ๐Ÿ˜ฎ HP[-1]
You take 1 damage, and now have 24/39 hp.
You hit the orc priest.
The orc priest hits you with a +0 flail. ๐Ÿ˜ฎ HP[-1]
You take 1 damage, and now have 23/39 hp.
You completely miss the orc priest.
The orc priest mumbles some strange prayers to Beogh against you.
Beogh smites you!
* * * LOW HITPOINT WARNING * * *
๐Ÿ˜จ HP[-13]
You take 13 damage, and now have 10/39 hp.
MASSIVE DAMAGE!! (PAUSE)
You hit the orc priest.
The orc priest hits you but does no damage.
The orc priest miscasts a cantrip.
You hit the orc priest.
The orc priest hits you with a +0 flail.
* * * LOW HITPOINT WARNING * * *
๐Ÿ˜ฑ HP[-2]
You take 2 damage, and now have 8/39 hp.
You hit the orc priest. You block the orc priest's attack.
You hit the orc priest but do no damage.
The orc priest hits you with a +0 flail.
* * * LOW HITPOINT WARNING * * *
The orc priest calls upon Beogh to heal the orc.
The orc's wounds heal themselves! ๐Ÿ˜ฑ HP[-1]
You take 1 damage, and now have 7/39 hp.
You barely miss the orc priest.
The orc priest hits you but does no damage. ๐Ÿ˜ฑ HP[+1]
You barely miss the orc priest.
The orc priest hits you with a +0 flail.
* * * LOW HITPOINT WARNING * * *
The orc priest hits you with a +0 flail.
You die...

Skill      XL: |  1  2  3 |
---------------+----------+-----
Fighting       | 4 5 |  5.4
Maces & Flails | |  1.5
Armour         | |  2.4
Shields        | |  2.4

Action                   |  1- 3 |  4- 6 || total
-------------------------+-------+-------++-------
Melee: Flail             |   141 |    37 ||   178
  Use: Scroll            |       |     2 ||     2
Armor: Scale mail        |    34 |       ||    34
       Chain mail        |    46 |    16 ||    62
Dodge: Dodged            |    65 |     6 ||    71
Block: Buckler           |    49 |    22 ||    71
       Reflection        |       |     1 ||     1

Levels and vault maps discovered:
D:1:      elethiomel_arrival_fortress_basement, layout_basic
D:2:      layout_loops_corners
D:3:      layout_basic, nemelex_diamond_rough_becter,
          lemuel_coloured_pillars_altar, okawaru_ov_weapons_minmay,
          hellmonk_ecumenical_altar_watching_god

Notes
Turn   | Place    | Note
-------+----------+-------------------------------------------
     0 | D:1      | spaghetti the Mummy Fighter began the quest for the Orb.
     0 | D:1      | Reached XP level 1. HP: 18/18 MP: 1/1
     0 | D:1      | magus.rc [v1.9.6]
   225 | D:1      | Reached XP level 2. HP: 24/24 MP: 2/2
   391 | D:2      | Reached skill level 4 in Fighting
   961 | D:2      | Gained mutation: You are in touch with the powers of death.
                  | [Mummy growth]
   961 | D:2      | Reached XP level 3. HP: 25/30 MP: 3/3
  1202 | D:2      | You pick up a book of Geomancy and begin reading...
  1202 | D:2      | You add the spells Sandblast, Passwall and Stone Arrow to
                  | your library.
  1381 | D:3      | Noticed a great orb of eyes
  1382 | D:3      | Found a faded altar of an unknown god.
  1385 | D:3      | Noticed a floating eye
  1385 | D:3      | Noticed a floating eye
  1385 | D:3      | Noticed a shining eye
  1751 | D:3      | Reached skill level 5 in Fighting
  1751 | D:3      | Reached XP level 4. HP: 24/39 MP: 4/4
  2127 | D:3      | Found an ornate altar of the Wu Jian Council.
  2181 | D:3      | HP: 8/39 [orc priest/+0 flail (2)]
  2185 | D:3      | HP: 3/39 [orc priest/+0 flail (5)]
  2185 | D:3      | Slain by an orc priest

Vanquished Creatures
  A hound (D:3)
  4 adders
  A worm (D:3)
  A dart slug (D:2)
  An orc (D:3)
  6 ball pythons
  6 bats
  3 endoplasms
  2 giant cockroaches
  A hobgoblin (D:2)
  2 quokkas
  4 frilled lizards
  7 kobolds
  2 rats (D:2)
41 creatures vanquished.

Table legend:
 A = Non-vault XP
 B = Vault XP
 C = Vault XP percentage of total XP
 D = Non-vault monster count
 E = Vault monster count
 F = Vault count percentage of total count
                 A         B        C        D         E       F
            +---------+---------+-------+---------+---------+-------
      Total |     154 |       1 |   0.6 |      40 |       1 |   2.4
            +---------+---------+-------+---------+---------+-------
        D:1 |      15 |       1 |   6.2 |       8 |       1 |  11.1
        D:2 |      51 |       0 |   0.0 |      19 |       0 |   0.0
        D:3 |      88 |       0 |   0.0 |      13 |       0 |   0.0
            +---------+---------+-------+---------+---------+-------

Illustrated notes

Table legend:
 A = Kills in this place as a percentage of kills in entire the game.
 B = Kills by you in this place as a percentage of kills by you in the entire game.
 C = Kills by friends in this place as a percentage of kills by friends in the entire game.
 D = Other kills in this place as a percentage of other kills in the entire game.
 E = Experience gained in this place as a percentage of experience gained in the entire game.
 F = Experience gained in this place divided by the number of levels of this place that you have seen.
                   A       B       C       D       E      F
               +-------+-------+-------+-------+-------+----------------------
         Total | 100.0 | 100.0 |   N/A |   N/A | 100.0 |  51.7
       Dungeon | 100.0 | 100.0 |   N/A |   N/A | 100.0 |  51.7
               +-------+-------+-------+-------+-------+----------------------

Table legend: (Time is in decaauts)
 A = Elapsed time spent in this place.
 B = Non-inter-level travel time spent in this place.
 C = Inter-level travel time spent in this place.
 D = Time resting spent in this place.
 E = Time spent auto-exploring this place.
 F = Levels seen in this place.
 G = Mean time per level.
                   A        B        C        D        E       F      G
               +--------+--------+--------+--------+--------+-----+--------+
         Total |   2248 |   2185 |     63 |    364 |   1424 |   3 |  749.3 |
       Dungeon |   2248 |   2185 |     63 |    364 |   1424 |   3 |  749.3 |
               +--------+--------+--------+--------+--------+-----+--------+

Top non-repeatable levels by time:
     D:2: 1049 daAuts
     D:3: 829 daAuts
     D:1: 369 daAuts
